 Dungeon Crawl Stone Soup version 0.20-a0-830-g2c9a30d (webtiles) character file.

107 Eptagon the Skirmisher (level 4, 0/73 HPs)
             Began as an Ogre Berserker on Mar 7, 2017.
             Was a Believer of Trog.
             Slain by Grinder (3 damage)
             ... on level 3 of the Dungeon.
             The game lasted 00:04:00 (1715 turns).

Eptagon the Skirmisher (Ogre Berserker)             Turns: 1715, Time: 00:04:01

Health: 0/73       AC: 22    Str: 21    XL:     4   Next: 85%
Magic:  4/4        EV:  1    Int:  8    God:    Trog [**....]
Gold:   36         SH:  7    Dex: 11    Spells: 3/3 levels left

rFire    . . .     SeeInvis .   a - +0 mace
rCold    . . .     Gourm    .   (armour currently unavailable)
rNeg     + + +     Faith    .   q - +0 shield
rPois    +         Spirit   .   (helmet currently unavailable)
rElec    .         Reflect  .   (cloak currently unavailable)
rCorr    .         Harm     .   (gloves unavailable)
MR       .....     NoTele   +   (boots unavailable)
Stlth    +.........             (no amulet)
Regen    0.3/turn               (no ring)
MPRegen  0.1/turn               g - +2 ring of dexterity

@: exhausted, tree-form, slowed, very slow
A: unfitting armour, (tough skin 0)
a: Berserk, Trog's Hand, Burn Spellbooks, Renounce Religion


You were on level 3 of the Dungeon.
You worshipped Trog.
Trog was pleased with you.
You were very hungry.
You were a tree.
You visited 1 branch of the dungeon, and saw 3 of its levels.

You collected 36 gold pieces.

Inventory:

Hand Weapons
 a - a +0 mace (weapon)
Armour
 b - a +0 animal skin (melded)
 q - a +0 shield (worn)
Jewellery
 g - a +2 ring of dexterity (left branch)
Scrolls
 d - 2 scrolls of teleportation {unknown}
 e - 3 scrolls of remove curse {unknown}
 f - 2 scrolls of blinking {unknown}
 h - a scroll of noise {unknown}
 i - a scroll of enchant weapon {unknown}
 m - a scroll of enchant armour {unknown}
 p - 2 scrolls of identify {unknown}
 s - a scroll of recharging {unknown}
Potions
 n - a potion of degeneration {unknown}
 o - a potion of might
 t - a potion of curing {unknown}
Comestibles
 c - a bread ration
 j - a meat ration


   Skills:
 + Level 4.9 Fighting
 * Level 3.8 Maces & Flails
 + Level 3.4 Dodging


You had 3 spell levels left.
You didn't know any spells.

Dungeon Overview and Level Annotations

Branches:
Dungeon (3/15)

Altars:
Zin

Annotations:
D:3 Grinder


Innate Abilities, Weirdness & Mutations

You are too large for most types of armour.
((You have tough skin. (AC +1)))


Message History

Pain shoots through your body!
Grinder blinks!
You sock Grinder!
Grinder is heavily wounded.
Grinder hits you!
* * * LOW HITPOINT WARNING * * *
You writhe in agony.
* * * LOW HITPOINT WARNING * * *
Grinder hits you but does no damage.
You turn into a tree.
Your +0 animal skin melds into your body.
Your roots penetrate the ground.
Grinder grins, showing sharp teeth.
Grinder hits you but does no damage. x2
You hit Grinder.
Grinder is heavily wounded.
You block Grinder's attack. Grinder hits you but does no damage.
It was a potion of berserk rage.
You're too exhausted to go berserk.
Grinder hits you.
You die...

#..^.#.#.....+ ........
.#....#.#.....############..#.
>...............5...........<.
.....#.####..#..###.####.....
... #5# #..#..###.#..#.(... .
#.# #..#............... #.#
#..#...##.#........ #.#
#.5#...##.#........
#.####.♣#.[.##.#........
#.......#...##.#..#..#.#
#######.#...##.#..#..(..
#######.#...##.#..#.#>.#
............##.#.......#
#######.#...........##.#
#.#..###.#.......#
#.#..........#####
#.########.#......


You could see Grinder.

Vanquished Creatures
  2 adders (D:2)
  4 gnolls
  A worm (D:3)
  A dart slug (D:2)
  A leopard gecko (D:1)
  A ball python (D:2)
  2 bats
  3 giant cockroaches
  9 goblins
  8 hobgoblins
  4 kobolds
  4 frilled lizards
  4 rats
44 creatures vanquished.

Notes
Turn   | Place    | Note
-------+----------+-------------------------------------------
     0 | D:1      | Eptagon the Ogre Berserker began the quest for the Orb.
     0 | D:1      | Reached XP level 1. HP: 24/24 MP: 1/1
   245 | D:1      | Reached XP level 2. HP: 32/32 MP: 2/2
   646 | D:2      | Reached XP level 3. HP: 25/40 MP: 3/3
   669 | D:1      | Reached ** piety under Trog
   952 | D:2      | Found a glowing silver altar of Zin.
   998 | D:2      | Reached XP level 4. HP: 49/49 MP: 4/4
  1648 | D:3      | Noticed Grinder
  1654 | D:3      | Paralysed by Grinder for 7 turns
  1683 | D:3      | Paralysed by Grinder for 3 turns
  1712 | D:3      | HP: 1/49 [Grinder (4)]
  1715 | D:3      | Slain by Grinder

Vault maps used:
D:1:      lightli_arrival_quake
D:2:      overflow_temple_1_default
D:3:      uniq_grinder

Skill      XL: |  1  2 |
---------------+-------+-----
Maces & Flails | 3 |  3.8
Dodging        | 3 |  3.4
Fighting       | |  4.9

Action                   |  1- 3 |  4- 6 || total
-------------------------+-------+-------++-------
Melee: Mace              |    88 |    50 ||   138
Invok: Berserk           |     2 |     2 ||     4
       Burn Spellbooks   |       |     1 ||     1
  Use: Potion            |     1 |     2 ||     3
  Eat: Chunk             |     1 |     4 ||     5
       Fruit             |       |     1 ||     1
Armor: Animal skin       |    14 |    23 ||    37
       Skin              |    26 |     3 ||    29
Dodge: Dodged            |    40 |    22 ||    62
Block: Shield            |       |     6 ||     6
